 Dungeon Crawl Stone Soup version 0.29.1-12-g30fa7ad0bf (webtiles) character file.

Game seed: 3800892805160389960

74246 Rrauwl the Covert (level 15, -1/181 HPs)
             Began as a Gnoll Delver on Dec 27, 2022.
             Was a High Priest of Okawaru.
             Killed from afar by an ancient lich (60 damage)
             ... with a crystal spear
             ... on level 3 of the Abyss on Jan 5, 2023.
             The game lasted 01:39:17 (18794 turns).

Rrauwl the Covert (Gnoll Delver)                   Turns: 18794, Time: 01:39:18

Health: -1/181     AC: 19    Str: 17    XL:     15   Next: 46%
Magic:  20/26      EV: 22    Int:  8    God:    Okawaru [*****.]
Gold:   1364       SH:  0    Dex: 17    Spells: 15/35 levels left

rFire   + . .      SeeInvis .   l - +4 demon trident of Lucvexot {venom, rC++ rN+ Str-3 Dex+3}
rCold   + + .      Faith    .   d - orb {*channel}
rNeg    + . .      Spirit   .   y - +0 steam dragon scales
rPois   +          Reflect  .   (helmet restricted)
rElec   .          Harm     .   T - +2 cloak {rPois}
rCorr   .          Rampage  .   (no gloves)
Will    +....      Rage     9%  F - +0 pair of boots
Stlth   ..........              i - amulet of regeneration
HPRegen 1.20/turn               I - +4 ring of protection
MPRegen 0.20/turn               M - +4 ring of protection

@: berserking, heroic, hasted, very quick
A: fangs 1, strong nose, distributed training, horns 1, fire resistance 1,
robust 1, strong 1, berserk 1[+1], [deformed body], [dopey 1], [frail 1], [low
MP 1], [screaming 1], ([teleportitis 1]), [no potion heal 2]
a: Renounce Religion, Heroism, Finesse, Duel


You were on level 3 of the Abyss.
You worshipped Okawaru.
Okawaru was extremely pleased with you.
You visited 3 branches of the dungeon, and saw 20 of its levels.
You visited the Abyss 1 time.
You also visited: Bailey.

You collected 1484 gold pieces.
You spent 120 gold pieces at shops.

Inventory:

Hand Weapons
 l - the +4 demon trident of Lucvexot (weapon) {venom, rC++ rN+ Str-3 Dex+3}
   (Okawaru gifted it to you on level 12 of the Dungeon)

   It poisons the flesh of those it strikes.
   Str:       It affects your strength (-3).
   Dex:       It affects your dexterity (+3).
   rC:        It greatly protects you from cold.
   rN:        It protects you from negative energy.
 o - the +2 trident "Naoceush" {flame, rPois rCorr Int+3 Dex+2}
   (You found it on level 12 of the Dungeon)

   It burns those it strikes, dealing additional fire damage.
   Int:       It affects your intelligence (+3).
   Dex:       It affects your dexterity (+2).
   rPois:     It protects you from poison.
   rCorr:     It protects you from acid and corrosion.
 w - a +1 dire flail of pain
 B - a +0 longbow
 J - a +3 trident of freezing
Missiles
 b - a throwing net (quivered)
 C - 14 boomerangs of dispersal
 G - 7 atropa-tipped darts
 N - a silver javelin
 V - 6 datura-tipped darts
 W - 6 curare-tipped darts
Armour
 d - an orb of energy (worn)
 k - a +0 troll leather armour
 y - +0 steam dragon scales (worn)
 F - a +0 pair of boots (worn)
 T - a +2 cloak of poison resistance (worn)
Jewellery
 i - an amulet of regeneration (around neck)
 E - a ring of resist corrosion
 I - a +4 ring of protection (left hand)
 M - a +4 ring of protection (right hand)
 Q - a ring of see invisible
Wands
 a - a wand of mindburst (10)
 g - a wand of digging (5)
 q - a wand of polymorph (7)
 s - a wand of iceblast (5)
 x - a wand of flame (19)
 H - a wand of paralysis (15)
 S - a wand of light (4)
Scrolls
 c - a scroll of fog
 e - 11 scrolls of fear
 f - 7 scrolls of blinking
 h - 18 scrolls of identify
 n - 4 scrolls of teleportation
 D - a scroll of enchant weapon
 R - 2 scrolls of enchant armour
Potions
 j - 3 potions of attraction
 m - 4 potions of flight
 p - 8 potions of curing
 r - 4 potions of lignification
 t - a potion of brilliance
 u - 5 potions of mutation
 v - 2 potions of heal wounds
 z - 2 potions of might
 L - a potion of haste


   Skills:
 + Level 12.3(17.3) Fighting
 + Level 10.5(15.5) Short Blades
 + Level 10.5(15.5) Long Blades
 + Level 10.5(15.5) Axes
 + Level 11.4(16.4) Maces & Flails
 + Level 10.5(15.5) Polearms
 + Level 10.5(15.5) Staves
 + Level 10.5(15.5) Ranged Weapons
 + Level 10.5(15.5) Throwing
 + Level 10.5(15.5) Armour
 + Level 11.4(16.4) Dodging
 + Level 13.9(18.9) Stealth
 + Level 10.5(15.5) Shields
 + Level 10.5(15.5) Unarmed Combat
 + Level 10.5 Spellcasting
 + Level 8.8 Conjurations
 + Level 8.8 Hexes
 + Level 8.8 Summonings
 + Level 8.8 Necromancy
 + Level 8.8 Translocations
 + Level 8.8 Transmutations
 + Level 8.8 Fire Magic
 + Level 8.8 Ice Magic
 + Level 8.8 Air Magic
 + Level 8.8 Earth Magic
 + Level 8.8 Poison Magic
 + Level 11.4 Invocations
 + Level 10.5 Evocations


You had 15 spell levels left.
You knew the following spells:

 Your Spells              Type           Power      Damage    Failure   Level
a - Apportation           Tloc           36%        N/A       1%          1
b - Frozen Ramparts       Ice            36%        1d6       1%          3
c - Ice Form              Ice/Tmut       18%        N/A       4%          4
d - Alistair's Intoxicat  Tmut/Pois      12%        N/A       11%         5
e - Sticky Flame          Conj/Fire      18%        2d4       4%          4
f - Ignite Poison         Fire/Tmut/Pois 18%        N/A       1%          3

Your spell library contained the following spells:

 Spells                   Type           Power      Damage    Failure   Level
 Necrotise                Necr           72%        1d7       1%          1
 Poisonous Vapours        Pois/Air       36%        N/A       1%          2
 Conjure Flame            Conj/Fire      18%        6-21      1%          3
 Corpse Rot               Necr/Pois/Air  18%        N/A       4%          4
 Olgreb's Toxic Radiance  Pois           18%        N/A       4%          4
 Ozocubu's Refrigeration  Ice            9%         4d9       98%         7
 Ignition                 Fire           9%         3d5       100%        8
 Summon Small Mammal      Summ           Unusable   N/A       N/A         1
 Summon Ice Beast         Ice/Summ       Unusable   N/A       N/A         4

Dungeon Overview and Level Annotations

Branches:
Dungeon (15/15)            Temple (1/1) D:6            Lair (5/5) D:11
 Shoals (0/4) Lair:2        Snake (0/4) Lair:2        Slime (0/5) Lair:5
    Orc (0/2) D:10         Bailey (visited)
 Vaults: D:13-14     Depths: D:15

Altars:
Ashenzari
Cheibriados
Dithmenos
Elyvilon
Fedhas
Gozag
Hepliaklqana
Kikubaaqudgha
Makhleb
Nemelex Xobeh
Okawaru
Qazlal
Ru
Sif Muna
Trog
Uskayaw
Vehumet
Wu Jian
Xom
Yredelemnul
Zin
The Shining One
Jiyva

Shops:
D:3 ?   D:15 *


Innate Abilities, Weirdness & Mutations

You have very sharp teeth.
Your uncanny sense of smell can sniff out nearby items.
Your experience applies equally to all skills.
You have a pair of small horns on your head.
Your flesh is heat resistant. (rF+)
You are robust. (+10% HP)
Your muscles are strong. (Str +4, Int/Dex -1)
[You have an uncontrollable temper.]
[Armour fits poorly on your strangely shaped body.]
[You are dopey. (Int -2)]
[You are frail. (-10% HP)]
[Your magical capacity is low. (-10% MP)]
[You occasionally shout uncontrollably at your foes.]
[((You are occasionally teleported next to monsters.))]
[Potions cannot restore your health.]


Message History

The thrashing horror tramples you but does no damage. x2
The thrashing horror tramples you.
You hold your ground!
The thrashing horror tramples you!
* * * LOW HITPOINT WARNING * * *
You hold your ground!
Something touches you but does no damage. x2
You turn to flesh and can move again.
Blink to where?
Press: ? - help, Dir - move target A golden eye and a large abomination come into view.
As you read the scroll of blinking, it crumbles to dust.
Something unseen opens the door.
You hit the thrashing horror.
The thrashing horror is lightly damaged.
The thrashing horror misses you.
The thrashing horror closely misses you.
You closely miss the thrashing horror.
Your headbutt misses the thrashing horror.
You bite the thrashing horror, but do no damage.
The thrashing horror is lightly damaged.
You puncture the thrashing horror!
You bite the thrashing horror, but do no damage.
The thrashing horror is moderately damaged.
The thrashing horror misses you.
The thrashing horror completely misses you.
A red film seems to cover your vision as you go berserk!
Your finesse ends abruptly.
You feel yourself moving faster!
You feel mighty!
You impale the thrashing horror!!
Your headbutt misses the thrashing horror.
The thrashing horror is almost destroyed.
The thrashing horror closely misses you. x2
You hit the thrashing horror. You headbutt the thrashing horror!
You destroy the thrashing horror!
Okawaru accepts your kill.
You are too berserk!
The substance of the Abyss twists violently, and a gateway leading out appears!
You hear a shout!
You hear some strange, mumbled words.
A crystal spear appears from out of thin air!
The crystal spear hits you!!!
You die...

### #...##
......##### .
#...§@.# X. #
#.##§### . .#####
#.#.##.## . ##.
#...#{......#
#X.....X...........#
.## #.§.'.....G...
.... #.
#####.##........#...
.#.
#...#.#.....#X....
#..#
....#............


There were no monsters in sight!

Vanquished Creatures
  An Executioner (Abyss:3)
  A dire elephant (Lair:5)
  A great orb of eyes (Abyss:3)
  2 vault guards (Bailey)
  5 hydras
  2 centaur warriors (D:15)
  5 boulder beetles
  3 two-headed ogres
  A catoblepas (Lair:1)
  14 death yaks
  A hell hog (Abyss:3)
  3 thrashing horrors (Abyss:3)
  A fire crab (Lair:4)
  Amaemon (D:9)
  2 wretched stars (Abyss:3)
  A sixfirhy (Abyss:3)
  3 starcursed masses (Abyss:3)
  Pikel (D:5)
  A wizard (D:15)
  An orc knight (D:15)
  5 lindwurms
  An ugly thing (D:8)
  An orc sorcerer (Abyss:3)
  3 manticores
  An oklob plant (Lair:5)
  4 cyclopes
  A wolf spider (Lair:5)
  7 elephants
  A gargoyle (D:12)
  4 black mambas
  Joseph (D:7)
  An orange demon (D:9)
  A guardian serpent (Lair:2)
  11 cane toads
  2 rime drakes (Lair:5)
  Maggie (D:7)
  11 komodo dragons
  A freezing wraith (Abyss:3)
  An ancient zyme (Abyss:3)
  4 trolls
  5 large abominations (Abyss:3)
  A polar bear (Lair:2)
  A wind drake (Lair:2)
  A hornet (D:9)
  4 slime creatures (D:15)
  Prince Ribbit (D:8)
  2 dream sheep (Lair:5)
  8 blink frogs
  5 shadows
  A wraith (D:10)
  55 yaks
  Sigmund (D:3)
  A vampire (D:9)
  6 wyverns
  3 humans (Bailey)
  4 basilisks
  A ynoxinul (Abyss:3)
  A steam dragon (D:7)
  3 small abominations (Abyss:3)
  2 wargs (D:15)
  2 acid dragons
  15 water moccasins
  A sky beast (D:8)
  3 black bears
  3 ogres
  8 orc warriors
  3 ice beasts
  20 wolves
  3 lemures (D:4)
  12 centaurs
  4 kobold brigands
  3 gnoll sergeants (D:10)
  21 bullfrogs
  3 scorpions
  5 wights (D:8)
  14 killer bees
  4 electric eels
  2 quasits (Abyss:3)
  2 jellies
  7 orc priests
  8 hounds
  An iron imp (Abyss:3)
  5 iguanas
  Terence (D:3)
  Ijyb (D:5)
  Natasha (thrice) (D:3)
  15 orc wizards
  A hell rat (Lair:5)
  7 gnolls
  9 adders
  2 shadow imps (D:5)
  2 white imps
  3 ufetubi
  2 worms
  2 dart slugs
  41 orcs
  6 ball pythons
  5 endoplasms
  9 hobgoblins
  8 jackals (D:3)
  A quokka (D:1)
  2 bats
  4 frilled lizards
  8 goblins
  15 kobolds
  5 rats
519 creatures vanquished.

Vanquished Creatures (others)
  25 fungi
  39 plants
64 creatures vanquished.

Grand Total: 583 creatures vanquished

Notes
Turn   | Place    | Note
-------+----------+-------------------------------------------
     0 | D:5      | Reached skill level 9 in Stealth
     0 | D:5      | Rrauwl the Gnoll Delver began the quest for the Orb.
     0 | D:5      | Reached XP level 1. HP: 23/23 MP: 1/1
    63 | D:4      | Noticed a hound
   139 | D:2      | Found a hide-covered altar of Uskayaw.
   288 | D:1      | Reached XP level 2. HP: 29/29 MP: 2/2
  1026 | D:2      | Reached XP level 3. HP: 35/35 MP: 3/3
  1404 | D:2      | Reached skill level 1 in Invocations
  1421 | D:3      | Noticed Natasha
  1427 | D:3      | Killed Natasha
  1428 | D:3      | Reached skill level 1 in Short Blades
  1428 | D:3      | Reached skill level 1 in Long Blades
  1428 | D:3      | Reached skill level 1 in Axes
  1428 | D:3      | Reached skill level 1 in Polearms
  1428 | D:3      | Reached skill level 1 in Staves
  1428 | D:3      | Reached skill level 1 in Ranged Weapons
  1428 | D:3      | Reached skill level 1 in Throwing
  1428 | D:3      | Reached skill level 1 in Armour
  1428 | D:3      | Reached skill level 1 in Shields
  1428 | D:3      | Reached skill level 1 in Unarmed Combat
  1428 | D:3      | Reached skill level 1 in Spellcasting
  1428 | D:3      | Reached skill level 1 in Evocations
  1428 | D:3      | Reached XP level 4. HP: 31/41 MP: 5/5
  1489 | D:3      | Gained mutation: [You sometimes lose your temper in
                  | combat.] [potion of mutation]
  1489 | D:3      | Gained mutation: You are robust. (+10% HP) [potion of
                  | mutation]
  1489 | D:3      | Gained mutation: You have a pair of small horns on your
                  | head. [potion of mutation]
  1489 | D:3      | Gained mutation: You have hidden genetic potential. [potion
                  | of mutation]
  1541 | D:3      | Found a sparkling altar of Nemelex Xobeh.
  1575 | D:3      | Reached skill level 1 in Conjurations
  1575 | D:3      | Reached skill level 1 in Hexes
  1575 | D:3      | Reached skill level 1 in Summonings
  1575 | D:3      | Reached skill level 1 in Necromancy
  1575 | D:3      | Reached skill level 1 in Translocations
  1575 | D:3      | Reached skill level 1 in Transmutations
  1575 | D:3      | Reached skill level 1 in Fire Magic
  1575 | D:3      | Reached skill level 1 in Ice Magic
  1575 | D:3      | Reached skill level 1 in Air Magic
  1575 | D:3      | Reached skill level 1 in Earth Magic
  1575 | D:3      | Reached skill level 1 in Poison Magic
  1592 | D:3      | Noticed Terence
  1609 | D:3      | Killed Terence
  1700 | D:3      | Noticed Natasha
  1706 | D:3      | Killed Natasha
  1707 | D:3      | Reached XP level 5. HP: 43/51 MP: 5/7
  1722 | D:3      | Gained mutation: Your muscles are strong. (Str +4, Int/Dex
                  | -1) [hidden potential]
  1751 | D:3      | Noticed Natasha
  1763 | D:3      | Killed Natasha
  1844 | D:3      | Found Tinid's Magic Scroll Shop.
  1852 | D:3      | Bought a scroll of vulnerability for 40 gold pieces
  1852 | D:3      | Bought a scroll of poison for 40 gold pieces
  1852 | D:3      | Bought a scroll of amnesia for 40 gold pieces
  2018 | D:3      | Reached XP level 6. HP: 58/58 MP: 8/8
  2215 | D:3      | Noticed Sigmund
  2253 | D:3      | Reached skill level 5 in Maces & Flails
  2253 | D:3      | Reached skill level 5 in Dodging
  2256 | D:3      | Gained mutation: Your flesh is heat resistant. (rF+)
                  | [hidden potential]
  2256 | D:3      | Lost mutation: You have hidden genetic potential. [hidden
                  | potential expressed]
  2343 | D:3      | Killed Sigmund
  2437 | D:4      | Learned a level 1 spell: Apportation
  2542 | D:4      | Reached XP level 7. HP: 66/66 MP: 10/10
  2619 | D:4      | Found a radiant altar of Vehumet.
  2620 | D:4      | Found a white marble altar of Elyvilon.
  3058 | D:5      | Noticed Pikel
  3107 | D:5      | Killed Pikel
  3108 | D:5      | Reached skill level 10 in Stealth
  3108 | D:5      | Reached XP level 8. HP: 33/73 MP: 10/12
  3446 | D:5      | Noticed Ijyb
  3458 | D:5      | Killed Ijyb
  3548 | D:5      | Identified the +1 leather armour of the Big Bang {rPois
                  | Dex+4}
  3771 | D:5      | Reached XP level 9. HP: 80/80 MP: 14/14
  3931 | D:6      | Found a staircase to the Ecumenical Temple.
  4079 | Temple   | Entered the Ecumenical Temple
  4145 | Temple   | Became a worshipper of Warmaster Okawaru
  4634 | D:6      | Found a glowing golden altar of the Shining One.
  4960 | D:6      | Reached skill level 5 in Invocations
  5190 | D:6      | Reached * piety under Okawaru
  5470 | D:7      | Noticed Maggie
  5518 | D:7      | Noticed a two-headed ogre
  5524 | D:7      | Killed Maggie
  5525 | D:7      | Reached skill level 5 in Short Blades
  5525 | D:7      | Reached skill level 5 in Long Blades
  5525 | D:7      | Reached skill level 5 in Axes
  5525 | D:7      | Reached skill level 5 in Polearms
  5525 | D:7      | Reached skill level 5 in Staves
  5525 | D:7      | Reached skill level 5 in Ranged Weapons
  5525 | D:7      | Reached skill level 5 in Throwing
  5525 | D:7      | Reached skill level 5 in Armour
  5525 | D:7      | Reached skill level 5 in Shields
  5525 | D:7      | Reached skill level 5 in Unarmed Combat
  5525 | D:7      | Reached skill level 5 in Spellcasting
  5525 | D:7      | Reached skill level 5 in Evocations
  5525 | D:7      | Reached XP level 10. HP: 89/89 MP: 17/17
  5525 | D:7      | Killed a two-headed ogre
  5525 | D:7      | Reached ** piety under Okawaru
  5617 | D:7      | Reached skill level 11 in Stealth
  5654 | D:7      | Learned a level 3 spell: Frozen Ramparts
  5881 | D:7      | Noticed Joseph
  5906 | D:7      | Killed Joseph
  6259 | D:8      | Reached *** piety under Okawaru
  6358 | D:8      | Noticed Prince Ribbit
  6364 | D:8      | Killed Prince Ribbit
  6756 | D:8      | Noticed a white ugly thing
  6765 | D:8      | Killed a white ugly thing
  7268 | D:9      | Reached **** piety under Okawaru
  7329 | D:9      | Reached skill level 5 in Conjurations
  7329 | D:9      | Reached skill level 5 in Hexes
  7329 | D:9      | Reached skill level 5 in Summonings
  7329 | D:9      | Reached skill level 5 in Necromancy
  7329 | D:9      | Reached skill level 5 in Translocations
  7329 | D:9      | Reached skill level 5 in Transmutations
  7329 | D:9      | Reached skill level 5 in Fire Magic
  7329 | D:9      | Reached skill level 5 in Ice Magic
  7329 | D:9      | Reached skill level 5 in Air Magic
  7329 | D:9      | Reached skill level 5 in Earth Magic
  7329 | D:9      | Reached skill level 5 in Poison Magic
  7331 | D:9      | Reached XP level 11. HP: 68/97 MP: 20/20
  7442 | D:9      | Noticed a two-headed ogre
  7464 | D:9      | Killed a two-headed ogre
  7709 | D:9      | Found a flagged portal.
  7739 | Bailey   | Entered a bailey
  7794 | Bailey   | Reached ***** piety under Okawaru
  7911 | Bailey   | Received a gift from Okawaru
  7937 | Bailey   | Noticed a vault guard
  7957 | Bailey   | Killed a vault guard
  7993 | Bailey   | Noticed a vault guard
  8016 | Bailey   | Killed a vault guard
  8220 | D:9      | Noticed Amaemon
  8378 | D:9      | Learned a level 4 spell: Ice Form
  8383 | D:9      | Killed Amaemon
  8389 | D:9      | Reached XP level 12. HP: 106/106 MP: 11/22
  8491 | D:10     | Entered Level 10 of the Dungeon
  8806 | D:10     | Found a staircase to the Orcish Mines.
  8846 | D:10     | Reached skill level 12 in Stealth
  9240 | D:10     | Reached skill level 10 in Fighting
  9507 | D:10     | Received a gift from Okawaru
  9656 | D:11     | Noticed a boulder beetle
  9815 | D:11     | Noticed a seven-headed hydra
  9829 | D:11     | Killed a seven-headed hydra
  9863 | D:11     | Received a gift from Okawaru
  9988 | D:11     | Found a staircase to the Lair.
 10171 | D:11     | Killed a boulder beetle
 10171 | D:11     | Received a gift from Okawaru
 10324 | Lair:1   | Entered Level 1 of the Lair of Beasts
 10324 | Lair:1   | Noticed a catoblepas
 10424 | Lair:1   | Killed a catoblepas
 10620 | Lair:1   | Reached XP level 13. HP: 83/114 MP: 23/25
 10970 | Lair:1   | Identified the +6 tower shield "Calyoneg" {rElec rF- Dex+5}
                  | (Okawaru gifted it to you on level 1 of the Lair of Beasts)
 10970 | Lair:1   | Received a gift from Okawaru
 11991 | Lair:2   | Found a staircase to the Snake Pit.
 12087 | Lair:2   | Found a staircase to the Shoals.
 12994 | Lair:3   | Identified a scroll of acquirement
 12994 | Lair:3   | Acquired a +2 cloak of poison resistance
 13245 | Lair:3   | Reached skill level 10 in Maces & Flails
 13245 | Lair:3   | Reached skill level 10 in Dodging
 13834 | Lair:4   | Received a gift from Okawaru
 13857 | Lair:4   | Reached skill level 13 in Stealth
 13859 | Lair:4   | Identified the +4 triple sword of Dullness {vorpal, rPois
                  | Int+4} (Okawaru gifted it to you on level 4 of the Lair of
                  | Beasts)
 13859 | Lair:4   | Received a gift from Okawaru
 14292 | Lair:5   | Entered Level 5 of the Lair of Beasts
 14299 | Lair:5   | Reached XP level 14. HP: 124/124 MP: 27/27
 14313 | Lair:5   | Reached skill level 10 in Invocations
 14656 | Lair:5   | Received a gift from Okawaru
 14674 | Lair:5   | Noticed a dire elephant
 14751 | Lair:5   | Killed a dire elephant
 14899 | Lair:5   | Identified the +1 buckler of Hubris {Regen+ Int+4 Dex-5}
                  | (Okawaru gifted it to you on level 5 of the Lair of Beasts)
 14899 | Lair:5   | Received a gift from Okawaru
 15275 | Lair:5   | Found a viscous altar of Jiyva.
 15278 | Lair:5   | Found a staircase to the Slime Pits.
 16233 | D:12     | Reached skill level 10 in Short Blades
 16233 | D:12     | Reached skill level 10 in Long Blades
 16233 | D:12     | Reached skill level 10 in Axes
 16233 | D:12     | Reached skill level 10 in Polearms
 16233 | D:12     | Reached skill level 10 in Staves
 16233 | D:12     | Reached skill level 10 in Ranged Weapons
 16233 | D:12     | Reached skill level 10 in Throwing
 16233 | D:12     | Reached skill level 10 in Armour
 16233 | D:12     | Reached skill level 10 in Shields
 16233 | D:12     | Reached skill level 10 in Unarmed Combat
 16233 | D:12     | Reached skill level 10 in Spellcasting
 16233 | D:12     | Reached skill level 10 in Evocations
 16333 | D:12     | Identified the +4 demon trident of Lucvexot {venom, rC++
                  | rN+ Str-3 Dex+3} (Okawaru gifted it to you on level 12 of
                  | the Dungeon)
 16333 | D:12     | Received a gift from Okawaru
 16399 | D:12     | Identified the +2 trident "Naoceush" {flame, rPois rCorr
                  | Int+3 Dex+2}
 17190 | D:12     | Learned a level 5 spell: Alistair's Intoxication
 17276 | D:13     | You fall into a shaft and drop 2 floors!
 17276 | D:15     | Entered Level 15 of the Dungeon
 17292 | D:15     | Reached XP level 15. HP: 115/132 MP: 29/29
 17590 | D:15     | Found Wour's Assorted Antiques.
 17733 | D:15     | Learned a level 4 spell: Sticky Flame
 17737 | D:15     | Learned a level 3 spell: Ignite Poison
 17887 | Abyss:2  | Cast into level 2 of the Abyss (a wizard)
 17904 | Abyss:3  | Found a corrupted altar of Lugonu.
 18019 | Abyss:3  | Noticed a bone dragon
 18218 | Abyss:3  | Noticed a bone dragon
 18284 | Abyss:3  | Received a gift from Okawaru
 18297 | Abyss:3  | Noticed a daeva
 18335 | Abyss:3  | Noticed a tentacled starspawn
 18359 | Abyss:3  | Found a corrupted altar of Lugonu.
 18410 | Abyss:3  | Found a corrupted altar of Lugonu.
 18477 | Abyss:3  | Noticed a tentacled starspawn
 18478 | Abyss:3  | Noticed a Hell Sentinel
 18629 | Abyss:3  | Noticed an Executioner
 18636 | Abyss:3  | Killed an Executioner
 18671 | Abyss:3  | Noticed a tentacled starspawn
 18715 | Abyss:3  | Noticed a dread lich
 18743 | Abyss:3  | Paralysed by a great orb of eyes for 3 turns
 18747 | Abyss:3  | Noticed an ancient lich
 18779 | Abyss:3  | Noticed a tentacled starspawn
 18794 | Abyss:3  | Killed from afar by an ancient lich

Illustrated notes

Levels and vault maps discovered:
D:1:      dpeg_arrival_shrine, layout_basic
D:2:      layout_loops_ring, basic_altar
D:3:      layout_loops_corners, old_standard_altar, serial_shops,
          nicolae_square_shop, uniq_terence, uniq_natasha, uniq_sigmund
D:4:      layout_gridville, gammafunk_temple_overflow_statue
D:5:      minmay_bubble_buster, layout_loops_cross, uniq_pikel, uniq_ijyb
D:6:      layout_loops_corners, nicolae_overflow_hidden_temple,
          minmay_temple_entry_drinking_statues, minmay_unpleasant_kobolds
D:7:      layout_basic, uniq_joseph, uniq_maggie
D:8:      layout_basic, uniq_prince_ribbit1
D:9:      layout_irregular_city, enter_bailey_2, uniq_amaemon
D:10:     layout_loops_corners, kennysheep_orc_monster_closet_entryway
D:11:     layout_loops_ring, david_lair_generic
D:12:     layout_layer_cave
D:13:     layout_long_grid, serial_shops, nicolae_stop_n_shop_1, shop, shop,
          nicolae_tso_carved_into_rock
D:15:     gammafunk_enter_depths_forms, layout_long_grid, serial_shops,
          nicolae_square_shop, good_gods_mini_temple
Temple:   mainiacjoe_temple_coin_purse
Lair:1:   layout_loops_ring, lemuel_fruit_tree, grunt_megastairs_3,
          serial_bayou_shore_a, lemuel_fruit_fields
Lair:2:   layout_regular_city, minmay_shoals_entry_beasts,
          minmay_snake_entry_spellcaster, nicolae_lair_lindhole
Lair:3:   layout_roguey, nicolae_quartered_pool_impasse
Lair:4:   layout_cave_shapes, nicolae_lair_grazing_beasts
          [nicolae_sub_lair_graze_edge, nicolae_sub_lair_graze_edge,
          nicolae_sub_lair_graze_edge, nicolae_sub_lair_graze_edge],
          lemuel_fruit_fields
Lair:5:   hangedman_lair_in_review, layout_regular_city, slime_entry_1
Abyss:3:  base: Lair:5, spicy_abyss_pitcher_plant,
          guppyfry_abyss_exit_imp_island, hangedman_decor_peaks_small,
          spicy_abyss_planar_alliance, bh_abyss_negative, minivault_5,
          minivault_5

Skill      XL: |  1  2  3  4  5  6  7  8  9 10 11 12 13 14 15 |
---------------+----------------------------------------------+-----
Stealth        | 10 11 12 13 | 13.9
Invocations    | 1 2 3 4 5 6 7 8 9 10 11 | 11.4
Short Blades   | 1 2 3 5 6 7 8 9 10 | 10.5
Long Blades    | 1 2 3 5 6 7 8 9 10 | 10.5
Axes           | 1 2 3 5 6 7 8 9 10 | 10.5
Polearms       | 1 2 3 5 6 7 8 9 10 | 10.5
Staves         | 1 2 3 5 6 7 8 9 10 | 10.5
Ranged Weapons | 1 2 3 5 6 7 8 9 10 | 10.5
Throwing       | 1 2 3 5 6 7 8 9 10 | 10.5
Armour         | 1 2 3 5 6 7 8 9 10 | 10.5
Shields        | 1 2 3 5 6 7 8 9 10 | 10.5
Unarmed Combat | 1 2 3 5 6 7 8 9 10 | 10.5
Spellcasting   | 1 2 3 5 6 7 8 9 10 | 10.5
Evocations     | 1 2 3 5 6 7 8 9 10 | 10.5
Conjurations   | 1 2 3 4 5 6 7 8 |  8.8
Hexes          | 1 2 3 4 5 6 7 8 |  8.8
Summonings     | 1 2 3 4 5 6 7 8 |  8.8
Necromancy     | 1 2 3 4 5 6 7 8 |  8.8
Translocations | 1 2 3 4 5 6 7 8 |  8.8
Transmutations | 1 2 3 4 5 6 7 8 |  8.8
Fire Magic     | 1 2 3 4 5 6 7 8 |  8.8
Ice Magic      | 1 2 3 4 5 6 7 8 |  8.8
Air Magic      | 1 2 3 4 5 6 7 8 |  8.8
Earth Magic    | 1 2 3 4 5 6 7 8 |  8.8
Poison Magic   | 1 2 3 4 5 6 7 8 |  8.8
Maces & Flails | 5 6 7 8 9 10 11 | 11.4
Dodging        | 5 6 7 8 9 10 11 | 11.4
Fighting       | 7 8 9 10 11 12 | 12.3

Action                   |  1- 3 |  4- 6 |  7- 9 | 10-12 | 13-15 || total
-------------------------+-------+-------+-------+-------+-------++-------
Melee: Mace              |    83 |    93 |    19 |       |       ||   195
       Bite              |     5 |     8 |    32 |    96 |   258 ||   399
       Headbutt          |       |    15 |    58 |   176 |   424 ||   673
       Long sword        |       |       |    74 |       |       ||    74
       Punch             |       |       |     8 |    53 |   111 ||   172
       Whip              |       |       |   197 |       |       ||   197
       Short sword       |       |       |    62 |   608 |  1102 ||  1772
       Trident           |       |       |       |   158 |       ||   158
       Unarmed           |       |       |       |     6 |       ||     6
       Demon trident     |       |       |       |       |   289 ||   289
 Fire: Shortbow          |       |       |    10 |       |       ||    10
Throw: Dart              |       |     9 |       |       |       ||     9
 Cast: Ice Form          |       |       |       |     1 |       ||     1
Invok: Heroism           |       |       |       |    16 |    32 ||    48
       Finesse           |       |       |       |     3 |    10 ||    13
Evoke: Wand              |       |       |     8 |    11 |     7 ||    26
  Use: Scroll            |     6 |       |     2 |     3 |     7 ||    18
       Potion            |     6 |     4 |     6 |     6 |     6 ||    28
 Stab: Sleeping          |    12 |     4 |    20 |    25 |    16 ||    77
       Distracted        |       |       |     2 |     2 |     6 ||    10
       Paralysed         |       |       |       |     2 |       ||     2
       Petrified         |       |       |       |     2 |       ||     2
       Petrifying        |       |       |       |     1 |       ||     1
Armor: Leather armour    |    18 |    17 |    52 |       |       ||    87
       Swamp dragon scal |       |       |       |   220 |    85 ||   305
       Skin              |       |       |       |     1 |       ||     1
       Steam dragon scal |       |       |       |       |   222 ||   222
Dodge: Dodged            |    46 |    49 |   232 |   466 |   523 ||  1316
